 Dungeon Crawl Stone Soup version 0.23.2-1-ga50397a (webtiles) character file.

Game seed: 16931554998556515476

122 Iscandelvey the Bolt Thrower (level 4, 0/32 HPs)
             Began as a Demonspawn Arcane Marksman on Apr 30, 2019.
             Slain by a jackal (2 damage)
             ... on level 4 of the Dungeon.
             The game lasted 00:05:17 (2021 turns).

Iscandelvey the Bolt Thrower (DsAM)                 Turns: 2021, Time: 00:05:18

Health: 0/32       AC:  2    Str: 10    XL:     4   Next: 78%
Magic:  0/5        EV: 12    Int: 15    God:
Gold:   129        SH:  0    Dex: 14    Spells: 2/5 levels left

rFire    . . .     SeeInvis .   r - +0 short sword
rCold    . . .     Gourm    .   (no shield)
rNeg     . . .     Faith    .   e - +0 robe
rPois    .         Spirit   .   (no helmet)
rElec    .         Reflect  .   (no cloak)
rCorr    .         Harm     .   (no gloves)
MR       .....                  (no boots)
Stlth    ++........             (no amulet)
HPRegen  0.10/turn              (no ring)
MPRegen  0.09/turn              (no ring)

@: very slightly contaminated
A: nightstalker 1, sturdy frame 1
a: no special abilities


You were on level 4 of the Dungeon.
You were not hungry.

You visited 1 branch of the dungeon, and saw 4 of its levels.

You collected 129 gold pieces.

Inventory:

Hand Weapons
 a - a +0 hand crossbow
 n - a +2 whip of venom
 r - a +0 short sword (weapon)
 u - a +0 hunting sling
Missiles
 d - 19 bolts
Armour
 e - a +0 robe (worn)
 o - a +0 chain mail of poison resistance
Jewellery
 l - an uncursed ring of protection from magic {unknown}
Scrolls
 b - a scroll of fear {unknown}
 c - 2 scrolls of fog {unknown}
 g - a scroll of immolation {unknown}
 i - 5 scrolls of identify {unknown}
 m - a scroll of amnesia {unknown}
 p - a scroll of enchant armour {unknown}
 s - a scroll of random uselessness {unknown}
 t - a scroll of teleportation {unknown}
Potions
 h - 2 potions of resistance {unknown}
 j - 2 potions of lignification {unknown}
 k - 2 potions of agility {unknown}
Comestibles
 f - 6 rations
 q - 3 chunks of flesh


   Skills:
 + Level 1.5 Fighting
 + Level 0.5 Short Blades
 + Level 3.6 Crossbows
 + Level 2.0 Dodging
 + Level 0.5 Stealth
 + Level 1.2 Spellcasting
 + Level 3.5 Hexes


You had 2 spell levels left.
You knew the following spells:

 Your Spells              Type           Power        Failure   Level  Hunger
a - Corona                Hex            ##.....      6%          1    ##.....
b - Slow                  Hex            ##......     9%          2    ###....

Your spell library contained the following spells:

 Spells                   Type           Power        Failure   Level  Hunger
 Inner Flame              Hex/Fire       #.......     34%         3    ####...
 Portal Projectile        Hex/Tloc       #.....       34%         3    ####...
 Cause Fear               Hex            ##........   50%         4    #####..
 Leda's Liquefaction      Hex/Erth       #.........   75%         4    #####..


Dungeon Overview and Level Annotations

Branches:
Dungeon (3/15)

Altars:
Fedhas
Hepliaklqana
Qazlal
Xom
Yredelemnul

Portals:
Ossuary: D:4


Innate Abilities, Weirdness & Mutations

You are slightly more attuned to the shadows.
Your movements are slightly less encumbered by armour. (ER -2)


Message History

The hound is severely wounded.
The hound barely misses you.
Casting: Corona (safe; 6% risk of failure)
Confirm with . or Enter, or press ? or * to list all spells.
Aiming: Corona (safe; 6% risk of failure)
Press: ? - help, Shift-Dir - straight line, f/p - jackal
Aim: a jackal (chance to defeat MR: 64%)
The hound struggles to resist.
The hound bites you.
* * * LOW HITPOINT WARNING * * *
You closely miss the hound.
The hound is severely wounded.
The hound is no longer moving slowly.
The hound closely misses you.
You barely miss the hound.
The hound is severely wounded.
The hound barely misses you. The hound closely misses you.
You hit the hound.
You kill the hound!
Your Dodging skill increases to level 2!
You hit the jackal but do no damage. The jackal bites you.
You die...

.. $.. ....
....## #....
.#....######
......hh@..#
.#....####.#
##### #.# #.#
#.########
#.#.......
#####.......#
#...........##
#.............


You could see 2 jackals.

Vanquished Creatures
  A hound (D:4)
  A gnoll (D:2)
  2 adders (D:2)
  A worm (D:2)
  2 dart slugs
  A leopard gecko (D:2)
  2 orcs (D:3)
  4 giant cockroaches
  5 hobgoblins
  3 jackals (D:3)
  A quokka (D:2)
  A ball python (D:1)
  10 bats
  3 frilled lizards
  7 goblins
  3 kobolds
  11 rats
58 creatures vanquished.

Notes
Turn   | Place    | Note
-------+----------+-------------------------------------------
     0 | D:1      | Iscandelvey the Demonspawn Arcane Marksman began the quest
                  | for the Orb.
     0 | D:1      | Reached XP level 1. HP: 15/15 MP: 2/2
   222 | D:1      | Gained mutation: You are slightly more attuned to the
                  | shadows. [demonic ancestry]
   222 | D:1      | Reached XP level 2. HP: 21/21 MP: 3/3
   972 | D:2      | Reached XP level 3. HP: 26/26 MP: 4/4
  1167 | D:2      | Found a blossoming altar of Fedhas.
  1169 | D:2      | Found a stormy altar of Qazlal.
  1200 | D:2      | Found an opulent altar of Gozag.
  1204 | D:2      | Found a sacrificial altar of Ru.
  1204 | D:2      | Found a glowing silver altar of Zin.
  1210 | D:2      | Found a basalt altar of Yredelemnul.
  1210 | D:2      | Found a shimmering altar of Xom.
  1210 | D:2      | Found a hazy altar of Hepliaklqana.
  1284 | D:2      | Gained mutation: Your movements are slightly less
                  | encumbered by armour. (ER -2) [demonic ancestry]
  1284 | D:2      | Reached XP level 4. HP: 32/32 MP: 5/5
  1457 | D:2      | Learned a level 2 spell: Slow
  1927 | D:3      | You fall through a shaft!
  1927 | D:4      | Found a sand-covered staircase.
  2021 | D:4      | Slain by a jackal

Skill      XL: |  1  2  3  4 |
---------------+-------------+-----
Crossbows      | 2 3 |  3.6
Dodging        | 2 |  2.0
Fighting       | |  1.5
Short Blades   | |  0.5
Stealth        | |  0.5
Spellcasting   | |  1.2
Hexes          | |  3.5

Action                   |  1- 3 |  4- 6 || total
-------------------------+-------+-------++-------
Melee: Short sword       |       |    59 ||    59
 Fire: Hand crossbow     |    74 |     9 ||    83
 Cast: Slow              |       |     6 ||     6
       Corona            |       |     3 ||     3
 Stab: Sleeping          |       |     1 ||     1
  Eat: Chunk             |     1 |     3 ||     4
Armor: Robe              |     7 |     5 ||    12
Dodge: Dodged            |    14 |    46 ||    60
